PAA
RICHLAND RAILS @ MERCER ISLAND SCREAMING EAGLES
06/26/2030
 
TOP OF THE 1ST
Richland Rails batting - Pitching for Mercer Island Screaming Eagles : RHP Jules Goux
Pitching: RHP Jules Goux
Batting: RHB Yoichibei Chikafuji 0-0: Ball
1-0: Ball
2-0: Called Strike
2-1: Ball
3-1: Fly out, F7 (Flyball, 7LS)
Batting: LHB Orlando Casillas 0-0: Ball
1-0: Called Strike
1-1: Swinging Strike
1-2: Ball
2-2: Ball
3-2: Foul Ball, location: 2F
3-2: Base on Balls
Batting: RHB León Preciado 0-0: Called Strike
0-1: Called Strike
0-2: Strikes out swinging
Batting: LHB Víctor Puente 0-0: Called Strike
0-1: Foul Ball, location: 2F
0-2: Ball
1-2: Ball
Orlando Casillas steals 2nd base
2-2: Ground out 6-3 (Groundball, 6MS)
Top of the 1st over - 0 runs, 0 hits, 0 errors, 1 left on base; Richland 0 - Mercer Island 0
BOTTOM OF THE 1ST
Mercer Island Screaming Eagles batting - Pitching for Richland Rails : RHP Claudio Palma
Pitching: RHP Claudio Palma
Batting: RHB Harry Freidricks 0-0: Called Strike
0-1: Swinging Strike
0-2: Ball
1-2: Ball
2-2: Ball
3-2: Reached on error, E1 (Groundball, P)
Batting: LHB Jorge Pérez 0-0: Ball
1-0: Foul Ball, location: 2F
1-1: Foul Ball, location: 2F
1-2: Ball
2-2: Fly out, F5 (Popup, 5)
Batting: RHB Logan Cole 0-0: Ground out 5-3 (Groundball, 56S)
Harry Freidricks to third
Batting: SHB Ray Davis 0-0: Ball
1-0: Called Strike
1-1: Fly out, F4 (Line Drive, 34)
Bottom of the 1st over - 0 runs, 0 hits, 1 error, 1 left on base; Richland 0 - Mercer Island 0
TOP OF THE 2ND
Richland Rails batting - Pitching for Mercer Island Screaming Eagles : RHP Jules Goux
Batting: RHB Alexandre Keeping 0-0: Foul Ball, location: 2F
0-1: Fly out, F7 (Line Drive, 78D)
Batting: SHB Jorge Colón 0-0: Called Strike
0-1: Called Strike
0-2: Strikes out swinging
Batting: RHB Leon Carlisle 0-0: Ball
1-0: Ball
2-0: Called Strike
2-1: Swinging Strike
2-2: Ball
3-2: Base on Balls
Batting: RHB Spencer Lyng 0-0: Ball
1-0: Fly out, F3 (Popup, 3S)
Top of the 2nd over - 0 runs, 0 hits, 0 errors, 1 left on base; Richland 0 - Mercer Island 0
BOTTOM OF THE 2ND
Mercer Island Screaming Eagles batting - Pitching for Richland Rails : RHP Claudio Palma
Batting: RHB Wade Killefer 0-0: Ball
1-0: Ground out 6-3 (Groundball, 6)
Batting: LHB Ben Fleming 0-0: Ground out 4-3 (Groundball, 4)
Batting: RHB Daniel Bertrand 0-0: Swinging Strike
0-1: Ground out 4-3 (Groundball, 4)
Bottom of the 2nd over - 0 runs, 0 hits, 0 errors, 0 left on base; Richland 0 - Mercer Island 0
TOP OF THE 3RD
Richland Rails batting - Pitching for Mercer Island Screaming Eagles : RHP Jules Goux
Batting: RHB Jonah Cooney 0-0: Swinging Strike
0-1: Ground out 6-3 (Groundball, 6M)
Batting: RHB Yoichibei Chikafuji 0-0: Called Strike
0-1: Ball
1-1: Ball
2-1: Foul Ball, location: 2F
2-2: Ball
3-2: Strikes out looking
Batting: LHB Orlando Casillas 0-0: Foul Ball, location: 2F
0-1: Ball
1-1: SINGLE (Line Drive, 8RS)
Batting: RHB León Preciado 0-0: Called Strike
0-1: Swinging Strike
0-2: Ball
1-2: Ball
2-2: Foul Ball, location: 2F
2-2: Ball
Wild Pitch!
Orlando Casillas to second
3-2: Foul Ball, location: 2F
3-2: Foul Ball, location: 2F
3-2: Fly out, F7 (Flyball, 7LSF)
Top of the 3rd over - 0 runs, 1 hit, 0 errors, 1 left on base; Richland 0 - Mercer Island 0
BOTTOM OF THE 3RD
Mercer Island Screaming Eagles batting - Pitching for Richland Rails : RHP Claudio Palma
Batting: RHB Shizuo Heiwajaima 0-0: Called Strike
0-1: Ball
1-1: Ball
2-1: Ball
3-1: Foul Ball, location: 2F
3-2: Ground out 6-3 (Groundball, 6MD)
Batting: RHB Stanley van de Ven 0-0: Called Strike
0-1: DOUBLE (Flyball, 89D)
Batting: RHB Harry Freidricks 0-0: Foul Ball, location: 2F
0-1: Ball
1-1: Ground out 6-3 (Groundball, 6)
Stanley van de Ven to third
Batting: LHB Jorge Pérez 0-0: Foul Ball, location: 2F
0-1: Ground out 4-3 (Groundball, 4M)
Bottom of the 3rd over - 0 runs, 1 hit, 0 errors, 1 left on base; Richland 0 - Mercer Island 0
TOP OF THE 4TH
Richland Rails batting - Pitching for Mercer Island Screaming Eagles : RHP Jules Goux
Batting: LHB Víctor Puente 0-0: Called Strike
0-1: Ground out 4-3 (Groundball, 4M)
Batting: RHB Alexandre Keeping 0-0: Ball
1-0: Called Strike
1-1: Foul Ball, location: 2F
1-2: Strikes out swinging
Batting: SHB Jorge Colón 0-0: Foul Ball, location: 2F
0-1: Ball
1-1: Ball
2-1: Called Strike
2-2: Ball
3-2: Fly out, F7 (Flyball, 7D)
Top of the 4th over - 0 runs, 0 hits, 0 errors, 0 left on base; Richland 0 - Mercer Island 0
BOTTOM OF THE 4TH
Mercer Island Screaming Eagles batting - Pitching for Richland Rails : RHP Claudio Palma
Batting: RHB Logan Cole 0-0: Ball
1-0: Ball
2-0: Ball
3-0: Called Strike
3-1: Called Strike
3-2: Ground out 6-3 (Groundball, 6M)
Batting: SHB Ray Davis 0-0: Ball
1-0: Ball
2-0: Swinging Strike
2-1: SINGLE (Line Drive, 7S)
Batting: RHB Wade Killefer 0-0: Grounds into double play, 5-4-3 (Groundball, 56)
Bottom of the 4th over - 0 runs, 1 hit, 0 errors, 0 left on base; Richland 0 - Mercer Island 0
TOP OF THE 5TH
Richland Rails batting - Pitching for Mercer Island Screaming Eagles : RHP Jules Goux
Batting: RHB Leon Carlisle 0-0: Fly out, F8 (Flyball, 89D)
Batting: RHB Spencer Lyng 0-0: Swinging Strike
0-1: Ball
1-1: Foul Ball, location: 2F
1-2: Strikes out looking
Batting: RHB Jonah Cooney 0-0: Ball
1-0: Called Strike
1-1: Foul Ball, location: 2F
1-2: Ball
2-2: Foul Ball, location: 2F
2-2: Fly out, F8 (Flyball, 8LD)
Top of the 5th over - 0 runs, 0 hits, 0 errors, 0 left on base; Richland 0 - Mercer Island 0
BOTTOM OF THE 5TH
Mercer Island Screaming Eagles batting - Pitching for Richland Rails : RHP Claudio Palma
Batting: LHB Ben Fleming 0-0: Ball
1-0: Ball
2-0: Called Strike
2-1: Foul Ball, location: 2F
2-2: Ground out 4-3 (Groundball, 4)
Batting: RHB Daniel Bertrand 0-0: Ball
1-0: Called Strike
1-1: Ball
2-1: SINGLE (Groundball, 56) (infield hit)
Batting: RHB Shizuo Heiwajaima 0-0: Ball
1-0: Called Strike
1-1: Called Strike
Daniel Bertrand steals 2nd base
1-2: Foul Ball, location: 2F
1-2: Foul Ball, location: 2F
1-2: Ball
2-2: Fly out, F9 (Flyball, 89M)
Batting: RHB Stanley van de Ven 0-0: Called Strike
0-1: Called Strike
0-2: Foul Ball, location: 2F
0-2: Ball
1-2: Strikes out swinging
Bottom of the 5th over - 0 runs, 1 hit, 0 errors, 1 left on base; Richland 0 - Mercer Island 0
TOP OF THE 6TH
Richland Rails batting - Pitching for Mercer Island Screaming Eagles : RHP Jules Goux
Batting: RHB Yoichibei Chikafuji 0-0: Ball
1-0: Ball
2-0: Called Strike
2-1: Ball
3-1: Foul Ball, location: 2F
3-2: Strikes out looking
Batting: LHB Orlando Casillas 0-0: Called Strike
0-1: Ground out 4-3 (Groundball, 4M)
Batting: RHB León Preciado 0-0: Swinging Strike
0-1: Foul Ball, location: 2F
0-2: Ball
1-2: Strikes out swinging
Top of the 6th over - 0 runs, 0 hits, 0 errors, 0 left on base; Richland 0 - Mercer Island 0
BOTTOM OF THE 6TH
Mercer Island Screaming Eagles batting - Pitching for Richland Rails : RHP Claudio Palma
Batting: RHB Harry Freidricks 0-0: Called Strike
0-1: Foul Ball, location: 2F
0-2: Fly out, F4 (Popup, 4D)
Batting: LHB Jorge Pérez 0-0: Ball
1-0: DOUBLE (Line Drive, 7LS)
Batting: RHB Logan Cole 0-0: Ball
1-0: 2-RUN HOME RUN (Flyball, 7LD), Distance : 369 ft
Batting: SHB Ray Davis 0-0: Foul Ball, location: 2F
0-1: Foul Ball, location: 2F
0-2: Fly out, F7 (Flyball, 7LSF)
Batting: RHB Wade Killefer 0-0: Ground out 5-3 (Groundball, 56S)
Bottom of the 6th over - 2 runs, 2 hits, 0 errors, 0 left on base; Richland 0 - Mercer Island 2
TOP OF THE 7TH
Richland Rails batting - Pitching for Mercer Island Screaming Eagles : RHP Jules Goux
Batting: LHB Víctor Puente 0-0: Swinging Strike
0-1: SINGLE (Groundball, 4D)
Batting: RHB Alexandre Keeping 0-0: Called Strike
0-1: Ball
1-1: Ball
2-1: Fly out, F7 (Flyball, 7S)
Pitching: LHP Luis Oropeza
Batting: SHB Jorge Colón 0-0: Ball
1-0: Ball
2-0: Ground out 4-3 (Groundball, 34)
Víctor Puente to second
Batting: RHB Leon Carlisle 0-0: Ball
1-0: Ball
2-0: Called Strike
2-1: Fly out, F3 (Popup, 3F)
Top of the 7th over - 0 runs, 1 hit, 0 errors, 1 left on base; Richland 0 - Mercer Island 2
BOTTOM OF THE 7TH
Mercer Island Screaming Eagles batting - Pitching for Richland Rails : RHP Claudio Palma
Batting: LHB Ben Fleming 0-0: Ball
1-0: Swinging Strike
1-1: Ball
2-1: Foul Ball, location: 2F
2-2: Ball
3-2: Fly out, F7 (Line Drive, 78M)
Batting: RHB Daniel Bertrand 0-0: Called Strike
0-1: Called Strike
0-2: Ball
1-2: Ball
2-2: Ball
3-2: Strikes out swinging
Batting: RHB Shizuo Heiwajaima 0-0: Called Strike
0-1: Ball
1-1: Ball
2-1: Ball
3-1: Foul Ball, location: 2F
3-2: Foul Ball, location: 2F
3-2: Foul Ball, location: 2F
3-2: Foul Ball, location: 2F
3-2: Fly out, F7 (Flyball, 7)
Bottom of the 7th over - 0 runs, 0 hits, 0 errors, 0 left on base; Richland 0 - Mercer Island 2
TOP OF THE 8TH
Richland Rails batting - Pitching for Mercer Island Screaming Eagles : LHP Luis Oropeza
Batting: RHB Spencer Lyng 0-0: Called Strike
0-1: Ball
1-1: Foul Ball, location: 2F
1-2: Ball
2-2: Ball
3-2: Strikes out swinging
Batting: RHB Jonah Cooney 0-0: Ball
1-0: Fly out, F7 (Flyball, 7LM)
Batting: RHB Yoichibei Chikafuji 0-0: Called Strike
0-1: SINGLE (Groundball, 4MD)
Batting: LHB Orlando Casillas 0-0: Ground out 2-3 (Groundball, 2L)
Top of the 8th over - 0 runs, 1 hit, 0 errors, 1 left on base; Richland 0 - Mercer Island 2
BOTTOM OF THE 8TH
Mercer Island Screaming Eagles batting - Pitching for Richland Rails : RHP Claudio Palma
Batting: RHB Stanley van de Ven 0-0: Ball
1-0: Swinging Strike
1-1: Ball
2-1: Ball
3-1: Fly out, F7 (Flyball, 7S)
Batting: RHB Harry Freidricks 0-0: Ball
1-0: Ball
2-0: Foul Ball, location: 2F
2-1: Called Strike
2-2: DOUBLE (Line Drive, 89XD)
Pitching: RHP Hartmann Riedman
Batting: LHB Jorge Pérez 0-0: Called Strike
0-1: Fly out, F9 (Flyball, 89M)
Batting: RHB Logan Cole 0-0: Ball
1-0: Foul Ball, location: 2F
1-1: Swinging Strike
1-2: Ball
2-2: Ground out 6-3 (Groundball, 6)
Bottom of the 8th over - 0 runs, 1 hit, 0 errors, 1 left on base; Richland 0 - Mercer Island 2
TOP OF THE 9TH
Richland Rails batting - Pitching for Mercer Island Screaming Eagles : LHP Luis Oropeza
Pitching: RHP Nésto Gago
Batting: RHB León Preciado 0-0: Ball
1-0: SINGLE (Flyball, 3D)
Batting: LHB Víctor Puente 0-0: Ball
1-0: Foul Ball, location: 2F
1-1: SINGLE (Groundball, 34D)
León Preciado to second
Batting: RHB Alexandre Keeping 0-0: Ball
1-0: Called Strike
1-1: Swinging Strike
1-2: Ball
2-2: Ball
3-2: Strikes out swinging
Batting: SHB Jorge Colón 0-0: Called Strike
0-1: Swinging Strike
0-2: Fly out, F7 (Flyball, 78M)
Batting: RHB Leon Carlisle 0-0: Called Strike
0-1: Ball
1-1: Fly out, F8 (Flyball, 8RS)
Top of the 9th over - 0 runs, 2 hits, 0 errors, 2 left on base; Richland 0 - Mercer Island 2
Sunday, March 18th, 2018 - OOTP Baseball 18.8 Build 76